 Dungeon Crawl Stone Soup version 0.26.1-11-gd32895ea62 (webtiles) character file.

Game seed: 6162804677891882748

499 Ekaitz the Sneak (level 7, -1/35 HPs)
             Began as a Vine Stalker Enchanter on June 19, 2021.
             Slain by an orc wizard
             ... wielding a +0 dagger
              (3 damage)
             ... on level 5 of the Dungeon.
             The game lasted 00:11:21 (4489 turns).

Ekaitz the Sneak (Vine Stalker Enchanter)           Turns: 4489, Time: 00:11:22

Health: -1/35      AC: -7    Str: 11    XL:     7   Next: 16%
Magic:  0/12       EV: 13    Int: 16    God:
Gold:   172        SH:  0    Dex: 15    Spells: 2/11 levels left

rFire    . . .     SeeInvis .   b - +2 dagger (holy)
rCold    . . .     Faith    .   (no shield)
rNeg     . . .     Spirit   +   k - +0 robe
rPois    .         Reflect  .   (no helmet)
rElec    .         Harm     .   (no cloak)
rCorr    .         Rampage  .   (no gloves)
Will     .....                  s - +2 pair of boots
Stlth    +++.......             (no amulet)
HPRegen  0.51/turn              E - ring of wizardry
MPRegen  0.13/turn              (no ring)

@: corroded
A: fangs 2, regeneration 1, magic shield, antimagic bite, no potion heal 3
a: no special abilities


You were on level 5 of the Dungeon.
You visited 1 branch of the dungeon, and saw 5 of its levels.

You collected 172 gold pieces.

Inventory:

Hand Weapons
 a - a +1 dagger
 b - a +2 dagger of holy wrath (weapon)
 m - a +3 short sword
 w - a +0 hunting sling
Missiles
 e - 17 poisoned darts
 g - 16 javelins
 n - 3 silver boomerangs
 q - 18 bolts
 r - 3 curare-tipped darts
 u - 31 sling bullets
 v - 156 stones
Armour
 k - a +0 robe (worn)
 s - a +2 pair of boots (worn)
Jewellery
 p - an uncursed ring of fire
 y - an uncursed amulet of faith
 E - a ring of wizardry (left hand)
Wands
 C - a wand of iceblast (9)
 F - a wand of polymorph (11)
Scrolls
 f - 5 scrolls of identify {unknown}
 j - 2 scrolls of fear {unknown}
 l - 3 scrolls of enchant weapon {unknown}
 o - 2 scrolls of fog {unknown}
 t - a scroll of teleportation {unknown}
 x - a scroll of enchant armour {unknown}
 D - a scroll of magic mapping {unknown}
 G - a scroll of remove curse
Potions
 c - 4 potions of curing
 d - a potion of might {unknown}
 h - a potion of invisibility {unknown}
 i - a potion of lignification {unknown}
 z - a potion of heal wounds {unknown}
 A - a potion of brilliance {unknown}
 B - 2 potions of flight {unknown}


   Skills:
 + Level 2.0 Fighting
 + Level 3.0 Short Blades
 + Level 2.2 Dodging
 + Level 5.0 Stealth
 * Level 2.5 Unarmed Combat
 + Level 2.8 Spellcasting
 * Level 4.0 Hexes
 * Level 2.1 Ice Magic


You had 2 spell levels left.
You knew the following spells:

 Your Spells              Type           Power        Failure   Level
a - Corona                Hex            16%          1%          1
b - Ensorcelled Hibernat  Hex/Ice        24%          3%          2
c - Confusing Touch       Hex            15%          4%          3
d - Tukima's Dance        Hex            15%          4%          3

Your spell library contained the following spells:

 Spells                   Type           Power        Failure   Level
 Dazzling Flash           Conj/Hex       16%          11%         3


Dungeon Overview and Level Annotations

Branches:
Dungeon (5/15)
 Temple: D:4-7

Altars:
Ru
Yredelemnul


Innate Abilities, Weirdness & Mutations

You have extremely sharp teeth.
Your natural rate of healing is unusually fast.
When hurt, damage is shared between your health and your magic reserves.
Your bite disrupts and absorbs the magic of your enemies.
Potions cannot restore your health.


Message History

You barely miss the orc wizard.
You bite the orc wizard, but do no damage.
The orc wizard hits you with a +0 dagger.
* * * LOW HITPOINT WARNING * * *
You hit the orc wizard but do no damage.
The orc wizard misses you.
Unknown command.
You hit the orc wizard but do no damage.
You bite the orc wizard, but do no damage.
The orc wizard hits you but does no damage.
The orc wizard hits you with a +0 dagger.
* * * LOW HITPOINT WARNING * * *
Unknown command.
You hit the orc wizard but do no damage.
The orc wizard hits you with a +0 dagger.
* * * LOW HITPOINT WARNING * * *
Unknown command.
It was a potion of curing.
That felt strangely inert.
The orc wizard hits you with a +0 dagger.
You die...

##.## #.# #.#####.##
#........# ##'#####...
.#b# ##...## #.## .#.#
##.....## .. .#≈#
##.......## .#.#
#.........#### .#.
+.........@oo#####.###
#.......<.###o.....#.#
##.......## #.#.#..#.#
##.....## #.###.##.#
##...## #.###{##.#
##+## #........#
#####o#### #o#
#######.##


You could see an orc wizard (fast) and 2 orcs.

Vanquished Creatures
  A hound (D:4)
  A jelly (D:5)
  2 orc wizards (D:3)
  2 orc priests
  Ijyb (D:3)
  An iguana (D:4)
  A killer bee zombie (D:5)
  A hound skeleton (D:4)
  7 adders
  6 gnolls (D:3)
  2 worms
  2 dart slugs
  4 leopard geckos
  7 orcs
  9 bats
  5 giant cockroaches
  12 goblins
  7 hobgoblins
  13 jackals
  3 quokkas
  3 frilled lizards
  6 kobolds
  8 rats
104 creatures vanquished.

Vanquished Creatures (others)
  A dancing weapon (D:3)
  11 fungi (D:5)
12 creatures vanquished.

Grand Total: 116 creatures vanquished

Notes
Turn   | Place    | Note
-------+----------+-------------------------------------------
     0 | D:1      | Ekaitz the Vine Stalker Enchanter began the quest for the
                  | Orb.
     0 | D:1      | Reached XP level 1. HP: 9/9 MP: 4/4
   130 | D:1      | Reached XP level 2. HP: 13/14 MP: 6/6
   153 | D:1      | Learned a level 2 spell: Ensorcelled Hibernation
   227 | D:1      | Reached skill level 1 in Short Blades
   495 | D:1      | Reached XP level 3. HP: 14/17 MP: 4/7
   512 | D:1      | Learned a level 3 spell: Confusing Touch
  1521 | D:2      | You fall into a shaft and drop 1 floor!
  1547 | D:3      | Reached skill level 1 in Unarmed Combat
  1609 | D:3      | Reached skill level 1 in Fighting
  1609 | D:3      | Reached skill level 4 in Stealth
  1609 | D:3      | Gained mutation: Your natural rate of healing is unusually
                  | fast. [Vine Stalker growth]
  1609 | D:3      | Reached XP level 4. HP: 22/22 MP: 5/8
  1612 | D:3      | Reached skill level 1 in Ice Magic
  1772 | D:3      | Noticed Ijyb
  1799 | D:3      | Reached XP level 5. HP: 5/25 MP: 4/9
  1872 | D:3      | Learned a level 3 spell: Tukima's Dance
  2496 | D:2      | Found a sacrificial altar of Ru.
  2640 | D:2      | Found a basalt altar of Yredelemnul.
  2980 | D:2      | Reached XP level 6. HP: 30/30 MP: 10/10
  3594 | D:3      | Killed Ijyb
  4168 | D:4      | Reached XP level 7. HP: 35/35 MP: 12/12
  4345 | D:5      | Entered Level 5 of the Dungeon
  4481 | D:5      | Reached skill level 5 in Stealth
  4488 | D:5      | HP: 1/35 [orc wizard/+0 dagger (3)]
  4489 | D:5      | Slain by an orc wizard

Illustrated notes

Levels and vault maps discovered:
D:1:      tarquinn_simple_flora_water_e, layout_loops_ring
D:2:      layout_loops_ring, marbit_many_paths, nicolae_ru_awakened_eye,
          minmay_heptomino_o4
D:3:      kb_forest_paths, layout_basic, minmay_misc_feat_plants, uniq_ijyb
D:4:      layout_basic, serial_corexii_hall, corexii_hall_statues_deadend,
          corexii_hall_statues_t
D:5:      layout_loops_corners, grunt_dithmenos_smoke, serial_aquarium,
          aquarium_bridge_long_separate [aquarium_subvault_wall,
          aquarium_subvault_bridge, aquarium_subvault_bridge,
          aquarium_subvault_window, aquarium_subvault_balcony,
          aquarium_subvault_bridge], aquarium_bridge_square
          [aquarium_subvault_bridge, aquarium_subvault_window,
          aquarium_subvault_wall, aquarium_subvault_window], aquarium_window_1,
          aquarium_window_2, aquarium_view_2g, aquarium_view_2d,
          aquarium_balcony_5b

Skill      XL: |  1  2  3  4  5  6  7 |
---------------+----------------------+-----
Short Blades   | 1 2 3 |  3.0
Unarmed Combat | 1 2 |  2.5
Fighting       | 1 2 |  2.0
Stealth        | 4 5 |  5.0
Ice Magic      | 1 2 |  2.1
Dodging        | 2 |  2.2
Hexes          | 4 |  4.0
Spellcasting   | |  2.8

Action                   |  1- 3 |  4- 6 |  7- 9 || total
-------------------------+-------+-------+-------++-------
Melee: Dagger            |    95 |   173 |    27 ||   295
       Bite              |    15 |    36 |     8 ||    59
       Punch             |       |     1 |     1 ||     2
 Cast: Ensorcelled Hiber |     8 |    23 |     2 ||    33
       Corona            |     1 |     2 |       ||     3
       Confusing Touch   |     1 |       |     2 ||     3
       Tukima's Dance    |       |     2 |       ||     2
  Use: Scroll            |     1 |     1 |       ||     2
       Potion            |       |       |     1 ||     1
 Stab: Sleeping          |    11 |    17 |     3 ||    31
       Distracted        |       |     1 |       ||     1
       Confused          |       |       |     1 ||     1
Armor: Robe              |    19 |    41 |     1 ||    61
Dodge: Dodged            |    59 |   101 |    15 ||   175
